 Dungeon Crawl Stone Soup version 0.20.1-1-g8b1a95d (webtiles) character file.

4006 equalderp2856 the Cleaver (level 10, 0/84 HPs)
             Began as a Minotaur Fighter on Sept 26, 2017.
             Succumbed to an orc's poison
             ... on level 7 of the Dungeon.
             The game lasted 00:11:07 (7760 turns).

equalderp2856 the Cleaver (Minotaur Fighter)        Turns: 7760, Time: 00:11:08

Health: 0/84       AC:  9    Str: 21    XL:     10   Next: 3%
Magic:  9/9        EV: 15    Int:  8    God:
Gold:   587        SH: 11    Dex: 17    Spells: 9/9 levels left

rFire    + . .     SeeInvis .   a - +0 war axe
rCold    + + +     Gourm    .   c - +0 shield
rNeg     . . .     Faith    .   b - +0 scale mail
rPois    .         Spirit   .   (helmet restricted)
rElec    .         Reflect  .   v - scarf {rC+ rF+}
rCorr    .         Harm     .   (no gloves)
MR       .....                  o - +0 pair of boots
Stlth    ++........             (no amulet)
Regen    0.3/turn               q - ring of protection from cold
MPRegen  0.2/turn               K - ring of protection from cold

@: agile, lethally poisoned (0 -> -3), berserk cooldown, slowed, drained, very
slow
A: retaliatory headbutt, horns 2, clever 1, wild magic 1, evolution 1
a: no special abilities


You were on level 7 of the Dungeon.
You were near starving.

You visited 1 branch of the dungeon, and saw 8 of its levels.

You collected 587 gold pieces.

Inventory:

Hand Weapons
 a - a +0 war axe (weapon)
 A - a +0 hand axe of electrocution
Armour
 b - a +0 scale mail (worn)
 c - a +0 shield (worn)
 o - a +0 pair of boots (worn)
 v - a scarf of resistance (worn)
 z - a +0 pair of boots
Jewellery
 q - a ring of protection from cold (left hand)
 r - an uncursed ring of fire
 w - an uncursed ring of flight
 F - an uncursed ring of protection from cold
 K - a ring of protection from cold (right hand)
Wands
 e - a wand of random effects (17/48)
 B - a wand of paralysis (0/24)
 C - a wand of paralysis (13/24)
 D - a wand of paralysis (17/24)
 J - a wand of polymorph (11/24)
Scrolls
 i - a scroll of immolation {unknown}
 j - 2 scrolls of enchant weapon {unknown}
 k - 4 scrolls of identify {unknown}
 l - 3 scrolls of amnesia {unknown}
 m - 4 scrolls of magic mapping {unknown}
 n - 2 scrolls of fear {unknown}
 s - 5 scrolls of remove curse {unknown}
 x - 3 scrolls of fog {unknown}
 y - 2 scrolls of blinking {unknown}
 G - a scroll of noise {unknown}
 I - a scroll of enchant armour {unknown}
Potions
 d - a potion of might
Comestibles
 f - 5 bread rations
 g - 3 meat rations
 t - 16 fruits


   Skills:
 + Level 6.9(6.3) Fighting
 + Level 10.8(10.0) Axes
 + Level 7.7(7.0) Armour
 + Level 4.1(3.5) Dodging
 + Level 3.6(3.0) Stealth
 + Level 8.2(7.5) Shields
 + Level 1.2(0.6) Evocations


You had 9 spell levels left.
You didn't know any spells.

Dungeon Overview and Level Annotations

Branches:
Dungeon (8/15)
 Temple: D:4-7         Lair: D:8-11

Altars:
Cheibriados
Kikubaaqudgha
Makhleb
Ru
Yredelemnul

Shops:
D:4 [   D:6 [

Annotations:
D:4 2 transporters, Menkaure
D:8 equalderp2856's ghost, novice MiFi


Innate Abilities, Weirdness & Mutations

You reflexively headbutt those who attack you in melee.
You have a pair of horns on your head.
Your mind is acute. (Int +2)
Your spells are a little harder to cast, but a little more powerful.
You evolve.


Message History

You feel sick.
Unknown command.
* * * LOW HITPOINT WARNING * * *
You feel sick.
* * * LOW HITPOINT WARNING * * *
You feel sick.
Unknown command.
Okay, then.
As you read the scroll labeled NYNIZX GARUXKI, it crumbles to dust.
You feel strangely unstable.
It was a scroll of teleportation.
* * * LOW HITPOINT WARNING * * *
You feel sick.
Unknown command.
There is a lethal amount of poison in your body!
* * * LOW HITPOINT WARNING * * *
You feel sick.
* * * LOW HITPOINT WARNING * * *
You feel sick.
Your surroundings suddenly seem different.
You die...

..# #.....# #.#
#.# #.....# #.###
#.# #.....# #...#
#.# #.....#
###...### #.#
#....)# #.......#
..# #######
#.......# ###
#.......# #
#######...### #
###...###@..# ###
#......##.### ..##
#.......#.#
.#.#####†......#.#
#...†............#
########......####
#.#....# #......#
########


There were no monsters in sight!

Vanquished Creatures
  2 two-headed ogres
  Eustachio (D:5)
  3 ice beasts
  An orc warrior (D:8)
  A sky beast (D:5)
  3 ogres
  A big kobold (D:8)
  Blork the orc (D:5)
  4 bullfrogs
  A wyvern skeleton (D:7)
  A water moccasin skeleton (D:8)
  3 crimson imps
  A bullfrog zombie (D:7)
  A bullfrog skeleton (D:7)
  2 centaur skeletons
  A gnoll shaman (D:8)
  2 jellies
  6 orc priests
  The ghost of equalderp2856 the Magician, a weakling FeWz (D:5)
  2 hounds
  8 orc wizards
  Jessica (D:3)
  Ijyb (D:3)
  3 iguanas
  5 worker ants
  A worker ant zombie (D:5)
  6 gnolls
  8 adders
  A howler monkey skeleton (D:8)
  2 shadow imps
  4 worms
  An adder skeleton (D:7)
  An adder zombie (D:7)
  3 dart slugs
  3 leopard geckos
  25 orcs
  A ball python (D:6)
  10 bats
  4 giant cockroaches
  4 goblins
  4 hobgoblins
  24 jackals
  10 kobolds
  13 quokkas
  A frilled lizard (D:2)
  A jackal skeleton (D:6)
  A leopard gecko skeleton (D:6)
  A quokka skeleton (D:6)
  10 rats
195 creatures vanquished.

Vanquished Creatures (others)
  An orc wizard (D:4)
1 creature vanquished.

Grand Total: 196 creatures vanquished

Notes
Turn   | Place    | Note
-------+----------+-------------------------------------------
     0 | D:1      | equalderp2856 the Minotaur Fighter began the quest for the Orb.
     0 | D:1      | Reached XP level 1. HP: 19/19 MP: 0/0
   412 | D:1      | Reached XP level 2. HP: 26/27 MP: 1/1
   791 | D:2      | Reached XP level 3. HP: 33/33 MP: 2/2
  1249 | D:2      | Reached skill level 3 in Axes
  1523 | D:2      | Reached XP level 4. HP: 39/40 MP: 3/3
  1965 | D:3      | Found a basalt altar of Yredelemnul.
  2155 | D:3      | Noticed Ijyb
  2159 | D:3      | Paralysed by Ijyb for 7 turns
  2178 | D:3      | Killed Ijyb
  2226 | D:3      | Reached XP level 5. HP: 44/46 MP: 4/4
  2416 | D:3      | Noticed Jessica
  2428 | D:3      | Killed Jessica
  2428 | D:3      | Reached skill level 5 in Armour
  2765 | D:3      | Reached skill level 4 in Axes
  2951 | D:4      | Reached skill level 1 in Dodging
  2999 | D:4      | Found a basalt altar of Yredelemnul.
  3008 | D:4      | Found a transporter.
  3015 | D:4      | Noticed Menkaure
  3021 | D:4      | Found an ancient bone altar of Kikubaaqudgha.
  3053 | D:4      | Found a transporter.
  3207 | D:4      | Reached XP level 6. HP: 44/53 MP: 5/5
  3231 | D:4      | Reached skill level 5 in Shields
  3246 | D:4      | Found Giemevvyon's Armour Shop.
  3293 | D:4      | Reached skill level 5 in Axes
  3310 | D:4      | Gained mutation: Your spells are a little harder to cast, but a little more powerful. [potion of mutation]
  3310 | D:4      | Gained mutation: You evolve. [potion of mutation]
  4169 | D:5      | Entered Level 5 of the Dungeon
  4188 | D:5      | Noticed equalderp2856's ghost (weakling FeWz)
  4194 | D:5      | Killed equalderp2856's ghost
  4194 | D:5      | Reached XP level 7. HP: 53/60 MP: 6/6
  4218 | D:5      | Noticed Eustachio
  4249 | D:5      | Killed Eustachio
  4249 | D:5      | Reached skill level 5 in Fighting
  4249 | D:5      | Reached skill level 6 in Axes
  4504 | D:5      | Reached skill level 1 in Stealth
  4841 | D:5      | Reached XP level 8. HP: 51/69 MP: 7/7
  4966 | D:5      | Noticed Blork the orc
  4978 | D:5      | Killed Blork the orc
  4982 | D:5      | Reached skill level 7 in Axes
  5056 | D:5      | Noticed a two-headed ogre
  5085 | D:5      | Killed a two-headed ogre
  5085 | D:5      | Reached skill level 8 in Axes
  5235 | D:6      | Reached skill level 1 in Evocations
  5538 | D:6      | Reached XP level 9. HP: 73/75 MP: 8/8
  5565 | D:6      | Found Ciffefoe's Antique Armour Boutique.
  5907 | D:7      | Reached skill level 9 in Axes
  6216 | D:7      | Found a burning altar of Makhleb.
  6216 | D:7      | Found a sacrificial altar of Ru.
  6217 | D:7      | Found a snail-covered altar of Cheibriados.
  6631 | D:8      | Noticed equalderp2856's ghost (novice MiFi)
  6811 | D:7      | Gained mutation: Your mind is acute. (Int +2) [evolution]
  6892 | D:8      | Noticed a two-headed ogre
  6912 | D:8      | Killed a two-headed ogre
  6912 | D:8      | Reached skill level 10 in Axes
  7723 | D:8      | Reached XP level 10. HP: 84/84 MP: 9/9
  7755 | D:7      | HP: 4/84 [poisoned by an orc]
  7758 | D:7      | HP: 1/84 [poisoned by an orc]
  7760 | D:7      | Succumbed to an orc's poison

Skill      XL: |  1  2  3  4  5  6  7  8  9 |
---------------+----------------------------+-----
Fighting       | 4 5 6 |  6.9
Armour         | 4 5 6 7 |  7.7
Shields        | 4 5 6 8 |  8.2
Axes           | 3 4 5 6 8 10 | 10.8
Dodging        | 1 2 4 |  4.1
Stealth        | 1 2 3 |  3.6
Evocations     | 1 |  1.2

Action                   |  1- 3 |  4- 6 |  7- 9 | 10-12 || total
-------------------------+-------+-------+-------+-------++-------
Melee: War axe           |    76 |   171 |   336 |    17 ||   600
       Headbutt          |    11 |    26 |    64 |     3 ||   104
Evoke: Wand              |       |       |     7 |       ||     7
  Use: Potion            |       |     6 |       |     4 ||    10
       Scroll            |       |       |       |     1 ||     1
 Stab: Paralysed         |       |       |    10 |       ||    10
  Eat: Chunk             |     1 |     9 |    11 |       ||    21
Armor: Scale mail        |    27 |    71 |    89 |    10 ||   197
       Skin              |       |     7 |       |       ||     7
Dodge: Dodged            |    15 |    69 |    93 |     4 ||   181
Block: Shield            |    47 |   100 |   155 |     7 ||   309
